 Dungeon Crawl Stone Soup version 0.19-a0-36-g4a0968a (webtiles) character file.

182358 FitzyFitz the Grand Gadgeteer (level 18, -6/134 HPs)
             Began as an Octopode Artificer on May 1, 2016.
             Was the Champion of Pakellas.
             Shot with an arrow by a satyr (17 damage)
             ... on level 4 of the Shoals on May 3, 2016.
             The game lasted 05:54:25 (50547 turns).

FitzyFitz the Grand Gadgeteer (Octopode Artificer) Turns: 50547, Time: 05:54:26

Health: -6/134     AC: 11    Str: 35    XL:     18   Next: 33%
Magic:  14/39      EV: 19    Int: 19    God:    Pakellas [******]
Gold:   3174       SH:  7    Dex: 13    Spells: 3 memorised, 19 levels left

rFire  + + +     SeeInvis +     a - +7 rapier of Pofo {drain, rF+++ MR- Str+9 Dex-3}
rCold  + . .     Gourm    .     l - +1 buckler {AC+3}
rNeg   + + .     Faith    .     N - +2 hat
rPois  +         Spirit   .     y - amulet "Wito" {RegenMP +Inv rPois rN+ SInv}
rElec  .         Dismiss  .     R - ring of Pyromania {rCorr Str+8}
rCorr  +         Reflect  .     r - ring of sustain attributes
SustAt +         Harm     .     H - +5 ring of protection
MR     ++...                    F - ring of protection from cold
Stlth  +++++++++.               I - ring of Qeecumm {rCorr Fragile rN+ Str+4 Slay+6}
                                B - ring of protection from magic
                                m - ring of poison resistance
                                s - ring of magical power

@: very resistant to hostile enchantments, incredibly stealthy
A: almost no armour, amphibious, 8 rings, constrict 8, camouflage 2, magic
resistance 1, strong 2, gelatinous body 1
a: Quick Charge, Device Surge, Supercharge, Renounce Religion, Evoke
Invisibility


You were on level 4 of the Shoals.
You worshipped Pakellas.
Pakellas was exalted by your worship.
You were not hungry.

You visited 6 branches of the dungeon, and saw 32 of its levels.
You also visited: Bailey, Ice Cave and Volcano.

You collected 3601 gold pieces.
You spent 427 gold pieces at shops.

Inventory:

Hand Weapons
 a - the +7 rapier of Pofo (weapon) {drain, rF+++ MR- Str+9 Dex-3}
   (You found it on level 3 of the Lair of Beasts)

   A truly terrible weapon, it drains the life of those it strikes.
   It affects your strength (+9).
   It affects your dexterity (-3).
   It renders you almost immune to fire.
   It affects your resistance to hostile enchantments.
Armour
 l - a +1 buckler of protection (worn)
 N - a +2 hat (worn)
Rods
 b - a +9 rod of ignition (17/17)
   (Pakellas gifted it to you on level 9 of the Dungeon)
 q - a +0 lightning rod (13/13)
   (You acquired it on level 12 of the Dungeon)
Jewellery
 m - a ring of poison resistance (on tentacle)
 r - a ring of sustain attributes (right tentacle)
 s - a ring of magical power (on tentacle)
 y - the amulet "Wito" (around mantle) {RegenMP +Inv rPois rN+ SInv}
   (You found it in a bailey)

   [amulet of magic regeneration]

   It increases your magic regeneration.
   It protects you from poison.
   It protects you from negative energy.
   It lets you see invisible.
   It lets you turn invisible.
 B - a ring of protection from magic (on tentacle)
 D - an uncursed ring of flight
 F - a ring of protection from cold (on tentacle)
 H - a +5 ring of protection (on tentacle)
 I - the ring of Qeecumm (on tentacle) {rCorr Fragile rN+ Str+4 Slay+6}
   (You found it on level 2 of the Snake Pit)

   [ring of resist corrosion]

   It affects your strength (+4).
   It affects your accuracy and damage with ranged weapons and melee attacks
   (+6).
   It protects you from negative energy.
   It will be destroyed if unequipped.
 R - the ring of Pyromania (left tentacle) {rCorr Str+8}
   (You acquired it on level 14 of the Dungeon)

   [ring of resist corrosion]

   It affects your strength (+8).
Wands
 c - a wand of enslavement (5/24)
 d - a wand of acid (6/15)
 e - a wand of disintegration (8/24)
 n - a wand of confusion (34/48)
 w - a wand of digging (7/24)
 K - a wand of polymorph (11/24)
 O - a wand of slowing (16/48)
 V - a wand of paralysis (11/24)
 Z - a wand of hasting (4/9)
Scrolls
 h - a scroll of fog
 j - 2 scrolls of magic mapping
 u - 8 scrolls of teleportation
 E - a scroll of blinking
 L - a scroll of fear
 U - a scroll of vulnerability
 Y - 3 scrolls of identify
Potions
 i - 3 potions of haste
 k - 2 potions of heal wounds
 z - 5 potions of magic
 C - 11 potions of curing
 G - a potion of agility
 Q - 5 potions of might
 T - a potion of cancellation
 W - 4 potions of resistance
Miscellaneous
 x - a stone of tremors
 M - a phantom mirror
Comestibles
 f - 13 bread rations
 g - 4 chunks of flesh
 o - a royal jelly
 p - a beef jerky
 v - 41 fruits


   Skills:
 - Level 15.3 Fighting
 - Level 14.4 Short Blades
 + Level 13.3 Dodging
 - Level 15.0 Stealth
 - Level 9.1 Shields
 - Level 3.0 Spellcasting
 - Level 3.0 Translocations
 - Level 16.3 Evocations


You had 19 spell levels left.
You knew the following spells:

 Your Spells              Type           Power        Failure   Level  Hunger
a - Apportation           Tloc           ##........   6%          1    None
b - Blink                 Tloc           N/A          10%         2    ##.....
c - Magic Dart            Conj           #...         17%         1    None


Dungeon Overview and Level Annotations

Branches:
Dungeon (14/15)            Temple (1/1) D:7            Lair (8/8) D:11
 Shoals (4/4) Lair:4        Snake (3/4) Lair:5        Slime (0/6) Lair:6
    Orc (2/2) D:9             Elf (0/3) Orc:2        Vaults (0/5) D:14

Altars:
Ashenzari
Cheibriados
Dithmenos
Elyvilon
Fedhas
Gozag
Kikubaaqudgha
Makhleb
Nemelex Xobeh
Okawaru
Pakellas
Qazlal
Ru
Sif Muna
Trog
Vehumet
Xom
Yredelemnul
Zin
The Shining One
Beogh

Shops:
D:8 *   Orc:2 :([*   Shoals:1 %   Shoals:2 (   Snake:2 [

Annotations:
D:5 Menkaure
Lair:6 exclusion: 4 oklob plants
Shoals:4 Ilsuiw


Innate Abilities, Weirdness & Mutations

You cannot wear most types of armour.
You are amphibious.
You can wear up to eight rings at the same time.
You can use your tentacles to constrict eight enemies at once.
Your skin blends seamlessly with your surroundings (Stealth).
Your rubbery body absorbs attacks (AC +1).
You are resistant to hostile enchantments.
Your muscles are very strong. (Str +4)


Message History

The arrow hits you!!
You hear a splash.
The faun shoots a sling bullet.
You block the sling bullet.
You hear a splash.
The faun shoots a sling bullet.
The sling bullet hits you!
* * * LOW HITPOINT WARNING * * *
You hear a splash.
Your faun shoots a stone.
The stone hits the satyr!
You see here 3 sling bullets.
Read which item? (? for menu, Esc to quit)
As you read the scroll of fog, it crumbles to dust.
The scroll dissolves into smoke.
The faun shoots a sling bullet.
The sling bullet hits you!!
* * * LOW HITPOINT WARNING * * *
You hear a splash.
The faun shoots a sling bullet.
The sling bullet closely misses you.
You hear a splash.
The satyr shoots an arrow.
The arrow hits you!
You die...
Pakellas says: That's one more possible approach eliminated.

≈≈≈≈≈≈≈≈≈≈≈≈≈≈≈≈≈≈≈≈≈≈[(≈([≈(≈...
≈≈≈≈≈≈≈≈≈≈≈≈≈≈≈≈≈≈≈.[((≈≈(≈≈...≈≈
≈≈≈≈≈≈≈≈≈≈≈≈≈≈≈≈≈≈.)((((((<((....
≈≈..≈≈≈≈≈≈.≈≈≈≈≈≈..#########..≈..
≈...≈≈≈≈≈≈≈≈≈≈≈≈≈.## # ##.(..
≈...≈≈≈≈≈≈≈≈≈≈≈≈..(###.# #...≈
≈≈≈≈≈≈≈P≈≈≈≈≈≈≈≈≈......# #....
≈≈≈≈≈≈P≈≈.≈≈≈≈≈§§§≈≈.... #..≈..
≈≈≈≈P≈≈≈≈.≈≈≈≈≈§@§≈≈≈... #..≈≈..
P≈≈≈≈≈≈≈≈......§§§≈..... ##≈≈≈≈.
≈≈≈≈≈≈≈≈≈P...........!.. #.≈≈.≈≈
≈PP≈≈≈≈≈≈............... )≈≈≈.≈≈
≈≈≈≈≈P≈≈≈......c.....P.. P≈..≈≈≈
≈}.........P..... ≈≈.≈≈≈
P.c...m.c....... ..≈≈≈
≈..c..........P) ..............P


You could see a satyr, 2 fauns, a friendly merfolk and a friendly faun.

Vanquished Creatures
  3 orc warlords
  A frost giant (Shoals:3)
  The ghost of Grenyer the Cruncher, an adept GrGl of Qazlal (Shoals:4)
  Nessos (Lair:8)
  2 stone giants (Shoals:3)
  A merfolk javelineer (Shoals:4)
  Josephine (Lair:4)
  8 merfolk impalers
  Fannar (D:11)
  9 naga warriors
  Harold (Lair:3)
  2 merfolk avatars (Shoals:4)
  5 hydras
  4 centaur warriors
  6 merfolk aquamancers
  3 catoblepae
  7 anacondas
  2 ogre magi (Orc:2)
  A death knight (D:14)
  2 satyrs
  7 death yaks
  2 naga sharpshooters
  An orc high priest (Orc:1)
  4 shock serpents
  A deep elf knight (D:14)
  Sonja (D:10)
  2 skeletal warriors (D:14)
  3 salamander mystics
  A naga ritualist (Snake:2)
  An unseen horror (shapeshifter) (D:14)
  2 deep trolls (Orc:2)
  8 sea snakes
  An anubis guard (shapeshifter) (D:14)
  4 hill giants
  9 harpies
  A wizard (D:14)
  Pikel (D:4)
  5 deep elf magi
  The ghost of Chaotic the Basher, a novice MiBe of Trog (D:9)
  7 griffons
  2 oklob plants
  4 mana vipers
  2 orc sorcerers
  An ugly thing (D:13)
  4 orc knights
  11 salamanders
  5 centaur zombies
  12 cyclopes
  8 sirens
  6 manticores
  19 fauns
  10 elephants
  2 guardian serpents
  23 black mambas
  3 ice statues (IceCv)
  6 water nymphs
  A molten gargoyle (Volcano)
  A torpor snail (Lair:4)
  2 gargoyles (Volcano)
  8 naga magi
  19 spiny frogs
  4 rime drakes
  A kobold demonologist (D:14)
  An efreet (D:13)
  8 komodo dragons
  A freezing wraith (D:14)
  A polar bear (Lair:4)
  12 trolls
  19 blink frogs
  6 two-headed ogres
  27 merfolk
  6 wind drakes
  2 giant leeches (Lair:8)
  7 snapping turtles
  4 boulder beetles (Lair:5)
  2 shadows
  12 water elementals
  4 basilisks
  2 wraiths (Lair:4)
  53 yaks
  8 vampire mosquitoes
  A warg (Orc:1)
  2 hungry ghosts
  A mottled dragon (D:13)
  16 hippogriffs
  A soldier ant (D:13)
  12 water moccasins
  26 nagas
  The ghost of swinepaste the Magician, an amateur DEAE (D:3)
  11 porcupines
  2 black bears
  6 sky beasts
  44 orc warriors
  2 phantoms
  11 ice beasts
  11 wolves
  27 ogres
  27 centaurs
  10 crocodiles
  6 big kobolds
  28 giant frogs
  Blork the orc (D:6)
  4 gnoll sergeants
  A wyvern zombie (D:9)
  3 scorpions
  15 killer bees
  15 wights
  17 electric eels
  5 crimson imps
  2 giant frog zombies
  5 jellies
  5 lava snakes (Lair:4)
  24 orc priests
  7 hounds
  3 centaur skeletons
  A giant frog skeleton (D:4)
  10 iguanas
  25 orc wizards
  7 worker ants
  39 sheep
  3 hound skeletons
  A worker ant zombie (D:5)
  20 gnolls
  14 adders
  39 river rats
  2 shadow imps
  An ooze (D:2)
  An adder zombie (D:5)
  An adder skeleton (D:9)
  3 worms (D:2)
  3 dart slugs
  5 giant geckos
  108 orcs
  3 giant cockroaches
  31 goblins
  25 hobgoblins
  19 jackals
  A quokka (D:2)
  2 ball pythons (D:3)
  5 bats
  A giant gecko zombie (D:6)
  8 giant newts
  A jackal zombie (D:7)
  11 kobolds
  A quokka zombie (D:6)
  8 rats
  A fungus (Lair:3)
  10 plants
1214 creatures vanquished.

Vanquished Creatures (collateral kills)
  A naga warrior (Snake:3)
  A hydra (Lair:7)
  A naga ritualist (Snake:3)
  A hill giant (Orc:2)
  3 elephants
  2 black mambas
  2 molten gargoyles (Lair:4)
  A naga mage (Snake:2)
  2 spiny frogs
  A komodo dragon (Lair:4)
  A troll (D:9)
  3 merfolk
  A two-headed ogre (Orc:2)
  2 blink frogs (Lair:8)
  A wraith (Lair:4)
  A yak (Lair:4)
  A basilisk (Lair:4)
  A vampire mosquito (Lair:8)
  A naga (Snake:3)
  2 water moccasins (Lair:2)
  2 orc warriors
  An ogre (Orc:2)
  2 giant frogs
  4 killer bees
  2 orc priests
  3 sheep
  A gnoll (Bailey)
  5 river rats (Lair:1)
  A giant gecko (D:4)
  4 orcs
  A hobgoblin (Bailey)
  A jackal (D:4)
56 creatures vanquished.

Vanquished Creatures (others)
  3 harpies
  A cyclops (D:14)
  A manticore (Shoals:4)
  A troll (Orc:1)
  2 merfolk (Shoals:4)
  3 yaks
  A vampire mosquito (D:14)
  An orc warrior (Orc:1)
  A slave (D:4)
  2 killer bees
  2 ogres
  A centaur (D:13)
  A worker ant (D:4)
  2 sheep
  An orc (D:7)
  A giant cockroach (D:4)
  A kobold (D:14)
  27 fungi
  30 plants
82 creatures vanquished.

Grand Total: 1352 creatures vanquished

Notes
Turn   | Place    | Note
--------------------------------------------------------------
     0 | D:1      | FitzyFitz the Octopode Artificer began the quest for the Orb.
     0 | D:1      | Reached XP level 1. HP: 13/13 MP: 3/3
   184 | D:1      | Reached XP level 2. HP: 15/18 MP: 4/4
   791 | D:1      | Reached XP level 3. HP: 22/23 MP: 5/5
  1339 | D:2      | Found a sparkling altar of Nemelex Xobeh.
  1387 | D:2      | Reached skill level 5 in Stealth
  1518 | D:2      | Reached XP level 4. HP: 28/28 MP: 6/6
  2266 | D:3      | Noticed swinepaste's ghost (amateur DEAE)
  2439 | D:3      | Reached XP level 5. HP: 33/33 MP: 7/7
  2575 | D:3      | Found a white marble altar of Elyvilon.
  2684 | D:4      | Noticed a slave
  2688 | D:4      | Noticed Pikel
  2690 | D:4      | Noticed a slave
  2692 | D:4      | Noticed a slave
  2696 | D:4      | Noticed an ogre
  2720 | D:4      | Noticed a slave
  2744 | D:4      | Killed Pikel
  2744 | D:4      | Reached XP level 6. HP: 19/41 MP: 8/8
  3399 | D:4      | Killed a freed slave
  3488 | D:4      | Found a burning altar of Makhleb.
  3540 | D:5      | Entered Level 5 of the Dungeon
  3865 | D:5      | Noticed Menkaure
  4214 | D:5      | Noticed an ice beast
  4223 | D:5      | Killed an ice beast
  4223 | D:5      | Reached XP level 7. HP: 32/49 MP: 9/9
  4459 | D:2      | Gained mutation: Your muscles are strong. (Str +2) [potion of mutation]
  4459 | D:2      | Gained mutation: Your muscles are very strong. (Str +4) [potion of mutation]
  4459 | D:2      | Gained mutation: You are resistant to hostile enchantments. [potion of mutation]
  4844 | D:3      | Killed swinepaste's ghost
  4977 | D:3      | Found a glowing golden altar of the Shining One.
  5264 | D:5      | Reached skill level 1 in Shields
  5372 | D:6      | Noticed Blork the orc
  5378 | D:6      | Killed Blork the orc
  5378 | D:6      | Reached XP level 8. HP: 54/54 MP: 10/10
  5487 | D:6      | Found a shattered altar of Ashenzari.
  5579 | D:6      | Found a sparkling altar of Nemelex Xobeh.
  5935 | D:6      | Reached skill level 5 in Short Blades
  6839 | D:6      | Reached skill level 4 in Evocations
  6839 | D:6      | Reached XP level 9. HP: 59/59 MP: 10/12
  7102 | D:6      | Found a blossoming altar of Fedhas.
  7141 | D:6      | Reached skill level 5 in Evocations
  7402 | D:7      | Reached skill level 6 in Evocations
  7578 | D:5      | Found a shimmering altar of Xom.
  7737 | D:7      | Found a sacrificial altar of Ru.
  7805 | D:7      | Found a staircase to the Ecumenical Temple.
  7812 | Temple   | Entered the Ecumenical Temple
  7920 | Temple   | Became a worshipper of Pakellas the Inventive
  8010 | D:7      | Reached skill level 7 in Evocations
  8385 | D:7      | Reached skill level 8 in Evocations
  8669 | D:7      | Reached skill level 9 in Evocations
  8805 | D:7      | Reached * piety under Pakellas
  8805 | D:7      | Received a gift from Pakellas
  8990 | D:8      | Found a snail-covered altar of Cheibriados.
  9157 | D:8      | Found Vopton's Assorted Antiques.
  9218 | D:8      | Bought a scroll of identify for 50 gold pieces
  9218 | D:8      | Bought a scroll of identify for 50 gold pieces
  9353 | D:8      | Reached XP level 10. HP: 65/65 MP: 16/16
  9457 | D:8      | Identified a scroll of acquirement
  9895 | D:8      | Found a deep blue altar of Sif Muna.
  9901 | D:8      | Reached skill level 5 in Dodging
 10033 | D:8      | Reached ** piety under Pakellas
 10033 | D:8      | Received a gift from Pakellas
 10121 | D:8      | Found an opulent altar of Gozag.
 10420 | D:9      | Found a flagged portal.
 10434 | Bailey   | Entered a bailey
 10766 | Bailey   | Reached *** piety under Pakellas
 10766 | Bailey   | Received a gift from Pakellas
 10897 | Bailey   | Upgraded the game from 0.19-a0-28-g8794423 to 0.19-a0-34-g6972264
 11171 | Bailey   | Noticed an orc warlord
 11171 | Bailey   | Noticed an orc knight
 11183 | Bailey   | Reached **** piety under Pakellas
 11183 | Bailey   | Received a gift from Pakellas
 11185 | Bailey   | Killed an orc warlord
 11185 | Bailey   | Reached skill level 10 in Evocations
 11189 | Bailey   | Killed an orc knight
 11189 | Bailey   | Reached skill level 11 in Evocations
 11303 | Bailey   | Got a fine diamond amulet
 11304 | Bailey   | Identified the amulet "Wito" {RegenMP +Inv rPois rN+ SInv} (You found it in a bailey)
 11429 | D:9      | Reached XP level 11. HP: 70/70 MP: 19/19
 11588 | D:9      | Noticed Chaotic's ghost (novice MiBe)
 11596 | D:9      | Killed Chaotic's ghost
 11692 | D:9      | Reached skill level 12 in Evocations
 11957 | D:9      | Found a staircase to the Orcish Mines.
 12025 | D:8      | Reached skill level 5 in Fighting
 12338 | D:9      | Found an iron altar of Okawaru.
 12899 | D:9      | Reached ***** piety under Pakellas
 12899 | D:9      | Received a gift from Pakellas
 12903 | D:9      | Identified a +3 rod of ignition (10/10) (Pakellas gifted it to you on level 9 of the Dungeon)
 12924 | D:10     | Entered Level 10 of the Dungeon
 13055 | D:10     | Gained mutation: Your skin blends seamlessly with your surroundings (Stealth). [potion of beneficial mutation]
 13789 | D:10     | Noticed Sonja
 13791 | D:10     | Killed Sonja
 14032 | D:11     | Found a staircase to the Lair.
 14053 | Lair:1   | Entered Level 1 of the Lair of Beasts
 14307 | Lair:1   | Learned a level 1 spell: Apportation
 14310 | Lair:1   | Learned a level 2 spell: Blink
 14533 | Lair:1   | Noticed a seven-headed hydra
 14551 | Lair:1   | Killed a seven-headed hydra
 14616 | Lair:1   | Found an oddly glowing altar of Pakellas.
 14616 | Lair:1   | Noticed an oklob plant
 15089 | Lair:1   | Killed an oklob plant
 15609 | Lair:1   | Reached XP level 12. HP: 76/85 MP: 8/21
 15965 | Lair:2   | Reached skill level 10 in Stealth
 16125 | Lair:2   | Got a slimy falchion
 16126 | Lair:2   | Identified the cursed +3 falchion of the Coward {venom, Fragile rElec rPois rC+} (You found it on level 2 of the Lair of Beasts)
 17503 | Lair:3   | Got a crude rapier
 17504 | Lair:3   | Identified the +7 rapier of Pofo {drain, rF+++ MR- Str+9 Dex-3} (You found it on level 3 of the Lair of Beasts)
 17917 | Lair:3   | Noticed Harold
 17950 | Lair:3   | Killed Harold
 18243 | Lair:4   | Reached skill level 5 in Shields
 18500 | Lair:4   | Noticed Josephine
 18509 | Lair:4   | Killed Josephine
 18691 | Lair:4   | Reached ****** piety under Pakellas
 19750 | Lair:4   | Reached XP level 13. HP: 90/90 MP: 9/22
 20145 | Lair:4   | Reached skill level 13 in Evocations
 20454 | Lair:4   | Found a staircase to the Shoals.
 20743 | Lair:5   | Found a staircase to the Snake Pit.
 20884 | Lair:5   | Found a dark tunnel.
 20890 | Volcano  | Entered a volcano
 21605 | Lair:5   | Found a sacrificial altar of Ru.
 22441 | Lair:5   | Reached skill level 14 in Evocations
 23644 | Lair:6   | HP: 2/90 [yak (11)]
 24083 | Lair:6   | Reached XP level 14. HP: 71/97 MP: 20/24
 24487 | Lair:6   | Found a staircase to the Slime Pits.
 25056 | Lair:7   | Reached skill level 10 in Short Blades
 25168 | Lair:7   | Reached skill level 15 in Evocations
 25937 | Lair:7   | Got a twisted rapier
 25941 | Lair:7   | Identified the +0 rapier of Strategic Superiority {freeze, rC+} (You found it on level 7 of the Lair of Beasts)
 26434 | Lair:8   | Entered Level 8 of the Lair of Beasts
 26569 | Lair:8   | Noticed Nessos
 28499 | Lair:8   | Reached skill level 16 in Evocations
 28529 | Lair:8   | Killed Nessos
 29701 | D:11     | Noticed Fannar
 29712 | D:11     | Killed Fannar
 29887 | D:11     | Got a polished quarterstaff
 30195 | D:12     | Reached XP level 15. HP: 101/101 MP: 27/27
 31191 | Orc:1    | Entered Level 1 of the Orcish Mines
 31243 | Orc:1    | Noticed an orc warlord
 31275 | Orc:1    | Killed an orc warlord
 31279 | Orc:1    | Noticed an orc warlord
 31286 | Orc:1    | Found a frozen archway.
 31290 | IceCv    | Entered an ice cave
 31685 | Orc:1    | Killed an orc warlord
 32692 | Orc:1    | Found a roughly hewn altar of Beogh.
 33031 | Orc:2    | Entered Level 2 of the Orcish Mines
 33035 | Orc:2    | Found a staircase to the Elven Halls.
 33048 | Orc:2    | Found Uclabed's Book Emporium.
 33476 | Orc:2    | Found Renkest's Weapon Boutique.
 33477 | Orc:2    | Found Homihed's Assorted Antiques.
 33529 | Orc:2    | Found Voes's Book Emporium.
 33530 | Orc:2    | Found Satuforch's Antique Armour Boutique.
 33835 | Orc:2    | Bought a glowing buckler for 94 gold pieces
 33835 | Orc:2    | Bought a knobbly onyx ring for 105 gold pieces
 34328 | D:13     | Reached skill level 1 in Translocations
 34377 | D:13     | Reached skill level 1 in Spellcasting
 34872 | D:13     | Found an oddly glowing altar of Pakellas.
 35256 | D:13     | Reached skill level 10 in Dodging
 36299 | D:14     | Reached XP level 16. HP: 109/109 MP: 18/28
 36302 | D:14     | Reached skill level 10 in Fighting
 37065 | D:14     | Found a gate to the Vaults.
 37395 | D:14     | Got a heavily runed bone ring
 37397 | D:14     | Identified the ring of Pyromania {rCorr Str+8} (You acquired it on level 14 of the Dungeon)
 38027 | Shoals:1 | Entered Level 1 of the Shoals
 38689 | Shoals:1 | Found Heclua's Food Shoppe.
 39983 | Shoals:2 | Found Awnim's Weapon Shop.
 41997 | Shoals:3 | Reached XP level 17. HP: 103/126 MP: 29/29
 42680 | Shoals:4 | Entered Level 4 of the Shoals
 42688 | Shoals:4 | Reached skill level 15 in Fighting
 42962 | Shoals:4 | Noticed Ilsuiw
 43788 | Snake:1  | Entered Level 1 of the Snake Pit
 44876 | Snake:2  | Found Torixas's Antique Armour Shoppe.
 44884 | Snake:2  | Bought an embroidered hat for 128 gold pieces
 45216 | Snake:2  | Found a burning altar of Makhleb.
 45351 | Snake:2  | Got a translucent turquoise ring
 45352 | Snake:2  | Identified the ring of Qeecumm {rCorr Fragile rN+ Str+4 Slay+6} (You found it on level 2 of the Snake Pit)
 46077 | Snake:2  | Upgraded the game from 0.19-a0-34-g6972264 to 0.19-a0-36-g4a0968a
 46929 | Snake:2  | Reached skill level 15 in Stealth
 47309 | Snake:3  | Got an ichor-stained war axe
 47310 | Snake:3  | Identified the +3 war axe of Fortitude {chop, Int+2} (You found it on level 3 of the Snake Pit)
 47327 | Snake:3  | Learned a level 1 spell: Magic Dart
 48607 | Snake:3  | Reached XP level 18. HP: 106/134 MP: 18/30
 48731 | Snake:3  | Got a steaming dagger {antimagic}
 48736 | Snake:3  | Identified the +10 dagger "Zood" {antimagic, rElec} (You took it off a naga on level 3 of the Snake Pit)
 49519 | Shoals:4 | Noticed Grenyer's ghost (adept GrGl)
 49551 | Shoals:4 | Killed Grenyer's ghost
 50547 | Shoals:4 | Shot with an arrow by a satyr

Vault maps used:
D:1:      lemuel_arrival_hallway, minmay_parallelograms
D:2:      marbit_many_paths
D:3:      lemuel_doored_altar, lemuel_crystal_altar
D:4:      lemuel_coloured_pillars_altar, uniq_pikel
D:5:      lemuel_round_altar, first_bread, kennysheep_potato, uniq_menkaure
D:6:      kennysheep_little_box, cheibrodos_ashenzari_chains,
          nemelex_xobeh_ov_fountains_minmay, uniq_blork_the_orc
D:7:      nicolae_ru_the_path_less_chosen, temple_fountains, st_stairs_5
D:8:      nicolae_gozag_cash_rules_everything_around_me, lemuel_crystal_altar,
          lemuel_round_altar, serial_shops, nicolae_shop_trees
D:9:      nicolae_overflow_hidden_temple,
          kennysheep_orc_monster_closet_entryway, enter_bailey_3,
          nicolae_lava_and_water, blue_anna_alchemist
D:10:     kennysheep_cluttered_room, uniq_sonja
D:11:     uniq_fannar
D:12:     minivault_24
D:13:     johnstein_pakellas_death_squad
D:14:     hangedman_vaults_entry_quadrant_bands, serial_park_avenue1
Temple:   nicolae_temple_figure_zero
Lair:1:   lemuel_oklob_altar, grunt_megastairs_1
Lair:2:   bh_autumn_forest_stairs, lemuel_fruit_tree
Lair:3:   lemuel_fruit_fields, uniq_harold
Lair:4:   cheibrodos_magma_flow, elwin_shoals_entry_stream, lemuel_fruit_fields,
          grunt_megastairs_5, uniq_josephine
Lair:5:   boulder_quad_collide, dummy_snake_entry,
          nicolae_volcano_entry_hallway, lemuel_altar_in_water2
Lair:6:   minmay_slime_entry_oklob_enclosed, fungi_pond_lemuel,
          serial_bayou_shore_b, serial_bayou_shore_b
Lair:7:   nicolae_quartered_pool_medium
Lair:8:   minmay_lair_end_frog_pond, eino_small_chamber_without_monster,
          uniq_nessos
Shoals:1: serial_shops, shop
Shoals:2: serial_shops, shop
Shoals:3: st_sunken_temple
Shoals:4: shoals_end_grunt_garden, shoals_ilsuiw_ice
Snake:1:  abandoned_shop, serial_bayou_ford_a
Snake:2:  basic_altar, serial_shops, shop_fountains
Orc:1:    orc_temple, portal_ice_cave_entry_pillars_02
Orc:2:    st_orc_open, serial_shops, shop
Bailey:   bailey_axe_minmay_hex_keep, bailey
IceCv:    ice_cave_statue_garden_02
Volcano:  volcano_overflow

Skill      XL: |  1  2  3  4  5  6  7  8  9 10 11 12 13 14 15 16 17 18 |
---------------+-------------------------------------------------------+-----
Stealth        | 2 4 5 6 7 8 11 13 15 | 15.0
Fighting       | 2 4 9 14 15 | 15.3
Short Blades   | 2 4 7 9 11 14 | 14.4
Shields        | 2 4 7 9 |  9.1
Evocations     | 4 9 11 12 14 16 | 16.3
Dodging        | 4 7 9 10 11 13 | 13.3
Translocations | 1 3 |  3.0
Spellcasting   | 1 3 |  3.0

Action                   |  1- 3 |  4- 6 |  7- 9 | 10-12 | 13-15 | 16-18 || total
-------------------------+-------+-------+-------+-------+-------+-------++-------
Melee: Short sword       |    82 |    96 |   301 |   368 |       |       ||   847
       Constrict         |    22 |    16 |    56 |   126 |   129 |   112 ||   461
       Tentacles         |    11 |    13 |    67 |   148 |   212 |   222 ||   673
       Dagger            |       |       |    27 |       |       |       ||    27
       Trident           |       |       |       |   277 |     6 |       ||   283
       Rapier            |       |       |       |    83 |   950 |   730 ||  1763
       Falchion          |       |       |       |    60 |       |       ||    60
 Fire: Hunting sling     |       |       |    25 |       |       |       ||    25
Throw: Stone             |     1 |     2 |     8 |     1 |       |       ||    12
       Throwing net      |       |       |       |     2 |       |       ||     2
       Tomahawk          |       |       |       |       |    16 |     1 ||    17
 Cast: Blink             |       |       |       |     2 |     4 |     1 ||     7
       Apportation       |       |       |       |       |     1 |       ||     1
Invok: Quick Charge      |       |       |       |     7 |    14 |     8 ||    29
       Device Surge      |       |       |       |     1 |     1 |       ||     2
 Abil: Evoke Invisibilit |       |       |       |     5 |    23 |    20 ||    48
       Turn Visible      |       |       |       |       |     1 |       ||     1
Evoke: Wand              |       |     4 |    37 |   110 |   139 |    97 ||   387
       Rod               |       |       |       |    14 |    57 |    32 ||   103
       Sack of spiders   |       |       |       |     8 |     1 |       ||     9
       Stone of tremors  |       |       |       |     1 |     3 |     2 ||     6
  Use: Scroll            |       |     3 |     7 |    21 |    16 |    13 ||    60
       Potion            |       |       |     2 |     3 |     3 |     5 ||    13
 Stab: Sleeping          |    13 |    13 |    29 |    31 |    70 |    45 ||   201
       Distracted        |       |     2 |     2 |     2 |     9 |     5 ||    20
       Invisible         |       |       |     2 |     9 |    36 |    32 ||    79
       Confused          |       |       |       |    21 |     8 |     2 ||    31
       Paralysed         |       |       |       |     7 |    14 |    14 ||    35
       Betrayed ally     |       |       |       |       |     1 |     3 ||     4
  Eat: Chunk             |     2 |    14 |    19 |    23 |    36 |    29 ||   123
       Pizza             |       |     1 |       |     4 |       |       ||     5
       Fruit             |       |       |       |     1 |     8 |    16 ||    25
       Meat ration       |       |       |       |     1 |     5 |     1 ||     7
       Bread ration      |       |       |       |     1 |     2 |     3 ||     6
       Beef jerky        |       |       |       |       |     6 |     1 ||     7
Armor: Skin              |    16 |    21 |    43 |    77 |    30 |    47 ||   234
Dodge: Dodged            |    35 |    51 |    90 |   339 |   328 |   317 ||  1160
Block: Buckler           |       |       |    26 |   140 |   127 |   161 ||   454
